 Dungeon Crawl Stone Soup version 0.19.5 (webtiles) character file.

1556 Reinor the Conjurer (level 8, -4/64 HPs)
             Began as a Pale Draconian Air Elementalist on Mar 23, 2017.
             Slain by a five-headed hydra (9 damage)
             ... on level 7 of the Dungeon.
             The game lasted 00:30:04 (7346 turns).

Reinor the Conjurer (DrAE)                          Turns: 7346, Time: 00:30:05

Health: -4/64      AC:  6    Str: 10    XL:     8   Next: 58%
Magic:  9/15       EV: 12    Int: 21    God:
Gold:   293        SH:  0    Dex: 12    Spells: 4 memorised, 6 levels left

rFire  . . .     SeeInvis .     u - +1 dagger (protect)
rCold  . . .     Gourm    .     (armour unavailable)
rNeg   . . .     Faith    .     (no shield)
rPois  .         Spirit   .     (helmet restricted)
rElec  .         Reflect  .     w - +0 cloak
rCorr  .         Harm     .     (no gloves)
MR     .....                    o - +0 pair of boots
Stlth  +++.......               (no amulet)
                                x - -2 ring of protection (curse)
                                n - +3 ring of intelligence

@: no status effects
A: breathe steam, unfitting armour, cold-blooded, AC +6
a: Breathe Steam


You were on level 7 of the Dungeon.
You were not hungry.

You visited 1 branch of the dungeon, and saw 7 of its levels.

You collected 293 gold pieces.

Inventory:

Hand Weapons
 u - a +1 dagger of protection (weapon)
Armour
 o - a +0 pair of boots (worn)
 w - a +0 cloak (worn)
Jewellery
 n - a +3 ring of intelligence (left hand)
 x - a cursed -2 ring of protection (right hand)
 E - an uncursed ring of flight {unknown}
Wands
 g - a wand of flame (27/48)
 p - a wand of acid (0/15)
 A - a wand of confusion (22/48)
Scrolls
 e - 6 scrolls of teleportation
 k - a scroll of enchant weapon
 q - 3 scrolls of blinking
 r - a scroll of magic mapping
 s - 4 scrolls of fog
 y - 2 scrolls of recharging
 z - a scroll of enchant armour
Potions
 c - a potion of brilliance
 h - 5 potions of lignification
 i - 3 potions of cancellation
 j - a potion of might
 l - a potion of berserk rage
 t - a potion of resistance
 v - a potion of heal wounds
 B - 2 potions of magic
 C - a potion of flight {unknown}
 D - a potion of mutation {unknown}
Books
 a - a book of Air

   Spells                             Type                      Level
   a - Shock                          Conjuration/Air              1
   b - Swiftness                      Charms/Air                   2
   c - Repel Missiles                 Charms/Air                   2
   d - Static Discharge               Conjuration/Air              3
   e - Lightning Bolt                 Conjuration/Air              5
Comestibles
 b - 7 bread rations
 d - a royal jelly
 f - 3 meat rations
 m - 6 fruits
 F - 5 chunks of flesh


   Skills:
 - Level 3.6 Fighting
 - Level 1.7 Dodging
 - Level 5.1 Stealth
 - Level 5.3 Spellcasting
 + Level 5.8 Conjurations
 - Level 5.5 Air Magic


You had 6 spell levels left.
You knew the following spells:

 Your Spells              Type           Power        Failure   Level  Hunger
a - Shock                 Conj/Air       ####         1%          1    None
b - Repel Missiles        Chrm/Air       ###...       6%          2    None
c - Static Discharge      Conj/Air       ####....     3%          3    ##.....
d - Lightning Bolt        Conj/Air       ####......   34%         5    #####..


Dungeon Overview and Level Annotations

Branches:
Dungeon (6/15)
 Temple: D:4-7

Altars:
Sif Muna
Trog


Innate Abilities, Weirdness & Mutations

You can breathe blasts of scalding, opaque steam.
Your pale cyan-grey scales are hard. (AC +6)
You cannot fit into any form of body armour.
You are cold-blooded and may be slowed by cold attacks.


Message History

The five-headed hydra bites you but does no damage.
The five-headed hydra bites you!
Casting: Shock
Confirm with . or Enter, or press ? or * to list all spells.
Aiming: Shock
Press: ? - help, Shift-Dir - straight line
Okay, then.
Casting: Shock
Confirm with . or Enter, or press ? or * to list all spells.
The spell is very dangerous to cast!
Continue anyway?
Okay, then.
Casting: Lightning Bolt
Confirm with . or Enter, or press ? or * to list all spells.
The five-headed hydra is struck by lightning.
The five-headed hydra is moderately wounded.
The lightning arcs!
You are struck by lightning.
The lightning grounds out.
The five-headed hydra bites you!
* * * LOW HITPOINT WARNING * * *
The five-headed hydra bites you!
You die...

##h.
#####.....
#...S.#
#@# #D## #
#.#.##.#
####..#
#.#.# ..#
# .##. ##
#


You could see a five-headed hydra, a howler monkey (sleeping) and an adder.

Vanquished Creatures
  The ghost of Thundermex the Conjurer, a novice DECj (D:5)
  The ghost of Thundermex the Magician, an amateur DECj (D:4)
  2 phantoms (D:4)
  A sky beast (D:5)
  A centaur (D:5)
  3 ogres (D:5)
  Blork the orc (D:4)
  A centaur zombie (D:5)
  An orc priest (D:3)
  2 hounds (D:5)
  An orc wizard (D:5)
  Jessica (D:3)
  Natasha (thrice) (D:3)
  3 worker ants
  4 gnolls (D:5)
  7 adders
  An ooze (D:3)
  5 worms
  9 dart slugs
  2 leopard geckos
  10 orcs
  4 ball pythons
  8 bats
  8 giant cockroaches
  12 goblins
  6 hobgoblins
  12 jackals
  4 quokkas
  2 frilled lizards
  5 kobolds
  A leopard gecko zombie (D:6)
  A quokka zombie (D:5)
  11 rats
134 creatures vanquished.

Notes
Turn   | Place    | Note
-------+----------+-------------------------------------------
     0 | D:1      | Reinor the Draconian Air Elementalist began the quest for the Orb.
     0 | D:1      | Reached XP level 1. HP: 14/14 MP: 3/3
   396 | D:1      | Reached XP level 2. HP: 20/20 MP: 1/5
   412 | D:1      | Learned a level 2 spell: Repel Missiles
  1148 | D:2      | Reached XP level 3. HP: 13/26 MP: 0/6
  2241 | D:2      | Reached skill level 5 in Air Magic
  2241 | D:2      | Reached XP level 4. HP: 28/33 MP: 0/7
  2577 | D:3      | Noticed Natasha
  2585 | D:3      | Killed Natasha
  2596 | D:3      | Noticed Natasha
  2603 | D:3      | Killed Natasha
  2622 | D:3      | Noticed Natasha
  2632 | D:3      | Killed Natasha
  2632 | D:3      | Reached XP level 5. HP: 28/38 MP: 7/10
  2641 | D:3      | Learned a level 3 spell: Static Discharge
  3307 | D:3      | Noticed Jessica
  3310 | D:3      | Killed Jessica
  3317 | D:3      | Found a deep blue altar of Sif Muna.
  3570 | D:4      | Reached XP level 6. HP: 45/45 MP: 7/12
  3634 | D:4      | Noticed Thundermex's ghost (amateur DECj)
  3634 | D:4      | Found Ufuuvoq's Antique Armour Shop.
  3645 | D:4      | Killed Thundermex's ghost
  3645 | D:4      | Reached skill level 5 in Spellcasting
  3924 | D:4      | Noticed Blork the orc
  3932 | D:4      | Killed Blork the orc
  4151 | D:4      | Your scales start taking on a pale cyan-grey colour.
  4151 | D:4      | Reached XP level 7. HP: 57/57 MP: 1/14
  5078 | D:5      | Entered Level 5 of the Dungeon
  5454 | D:5      | Noticed Thundermex's ghost (novice DECj)
  5465 | D:5      | Killed Thundermex's ghost
  5465 | D:5      | Reached skill level 5 in Stealth
  5472 | D:5      | Learned a level 5 spell: Lightning Bolt
  5642 | D:5      | Reached XP level 8. HP: 32/64 MP: 12/15
  5655 | D:5      | HP: 3/64 [/static electricity (3)]
  6391 | D:5      | Noticed a moth of wrath
  6394 | D:5      | Found a bloodstained altar of Trog.
  6680 | D:5      | Reached skill level 5 in Conjurations
  7338 | D:6      | You fall through a shaft!
  7342 | D:7      | Noticed a five-headed hydra
  7346 | D:7      | Slain by a five-headed hydra

Skill      XL: |  1  2  3  4  5  6  7  8 |
---------------+-------------------------+-----
Air Magic      | 4 5 |  5.5
Spellcasting   | 3 4 5 |  5.3
Fighting       | 3 |  3.6
Stealth        | 5 |  5.1
Conjurations   | 2 5 |  5.8
Dodging        | |  1.7

Action                   |  1- 3 |  4- 6 |  7- 9 || total
-------------------------+-------+-------+-------++-------
Melee: Unarmed           |    72 |    47 |       ||   119
       Tailslap          |     5 |     7 |     6 ||    18
       Dagger            |       |    22 |    63 ||    85
 Cast: Shock             |    71 |   124 |    95 ||   290
       Static Discharge  |       |     3 |    24 ||    27
       Repel Missiles    |       |       |     1 ||     1
 Abil: Breathe Steam     |       |       |     3 ||     3
Evoke: Wand              |       |       |     4 ||     4
  Use: Scroll            |    10 |     8 |     2 ||    20
       Potion            |       |     1 |     1 ||     2
  Eat: Chunk             |     4 |     7 |    11 ||    22
       Fruit             |       |       |     1 ||     1
Armor: Skin              |    31 |    43 |    27 ||   101
Dodge: Dodged            |    57 |    69 |    46 ||   172
       Deflected         |       |       |     1 ||     1
